 Dungeon Sprint DCSS version 0.27.1-1-g398f81649c (webtiles) character file.

Game seed: 12282661951793576717

111 styxcanada the Covert (level 4, -1/24 HPs)
             Began as a Spriggan Brigand on Sept 17, 2021.
             Was an Initiate of Gozag.
             Slain by a scorpion (4 damage)
             ... in the Dungeon (Sprint VII: "The Pits").
             The game lasted 00:01:26 (345 turns).

styxcanada the Covert (Spriggan Brigand)             Turns: 345, Time: 00:01:26

Health: -1/24      AC:  3    Str:  7    XL:     4   Next: 62%
Magic:  5/5        EV: 18    Int: 12    God:    Gozag
Gold:   225        SH:  0    Dex: 17    Spells: 3/3 levels left

rFire    . . .     SeeInvis +   a - +2 dagger
rCold    . . .     Faith    .   (shield restricted)
rNeg     . . .     Spirit   .   b - +0 robe
rPois    .         Reflect  .   (helmet restricted)
rElec    .         Harm     .   c - +0 cloak
rCorr    .         Rampage  .   (gloves unavailable)
Will     .....     NoTele   +   (boots unavailable)
Stlth    +++++.....             (no amulet)
HPRegen  0.08/turn              (no ring)
MPRegen  0.09/turn              (no ring)

@: gold aura, very quick
A: very small, no large weapons, unfitting armour, see invisible, speed 3
a: Renounce Religion, Potion Petition, Call Merchant, Bribe Branch


You were in the Dungeon.
You worshipped Gozag.
Gozag was aware of your devotion.
You visited 1 branch You collected 225 gold pieces.

Inventory:

Hand Weapons
 a - a +2 dagger (weapon)
Missiles
 d - 2 poisoned darts (quivered)
 e - 2 curare-tipped darts
 m - 10 stones
Armour
 b - a +0 robe (worn)
 c - a +0 cloak (worn)
Scrolls
 k - a scroll of blinking
Potions
 f - a potion of curing
 g - a potion of heal wounds
 h - a potion of haste
 i - 4 potions of magic
 j - 3 potions of berserk rage
 l - 2 potions of invisibility


   Skills:
 * Level 3.1 Fighting
 + Level 3.4 Short Blades
 + Level 2.6 Throwing
 * Level 4.1 Dodging
 * Level 12.4 Stealth


You had 3 spell levels left.
You didn't know any spells.
Your spell library was empty.

Dungeon Overview and Level Annotations

Branches:
Dungeon (1/1)

Altars:
Ashenzari
Cheibriados
Dithmenos
Elyvilon
Fedhas
Gozag
Hepliaklqana
Kikubaaqudgha
Makhleb
Nemelex Xobeh
Okawaru
Qazlal
Ru
Sif Muna
Trog
Uskayaw
Vehumet
Wu Jian
Xom
Yredelemnul
Zin
The Shining One
Beogh
Jiyva
Lugonu


Innate Abilities, Weirdness & Mutations

You are very small and have problems with some larger weapons.
You are too small for most types of armour.
You have supernaturally acute eyesight. (SInv)
You cover ground extremely quickly. (Speed+++)


Message History

Throw: 6 darts (poison)
Press: ? - help, Q - select action, (/) - cycle Shift-Dir - straight line, f/p - scorpion
Aim: a scorpion (62% to hit)
You throw a poisoned dart. The poisoned dart hits the ufetubus.
The ufetubus looks even sicker.
The ufetubus is almost dead.
You kill the ufetubus!
Throw: 5 darts (poison)
Press: ? - help, Q - select action, (/) - cycle Shift-Dir - straight line, f/p - scorpion
Aim: a scorpion (62% to hit)
You throw a poisoned dart. The poisoned dart hits the scorpion.
The scorpion is poisoned.
Throw: 4 darts (poison)
Press: ? - help, Q - select action, (/) - cycle Shift-Dir - straight line, f/p - scorpion
Aim: a scorpion (lightly wounded, poisoned, 62% to hit)
You throw a poisoned dart.
The poisoned dart closely misses the scorpion.
The poisoned dart hits the jackal skeleton.
Throw: 3 darts (poison)
Press: ? - help, Q - select action, (/) - cycle Shift-Dir - straight line, f/p - scorpion
Aim: a scorpion (lightly wounded, poisoned, 62% to hit)
You throw a poisoned dart.
The poisoned dart closely misses the scorpion.
The poisoned dart hits the jackal skeleton.
The scorpion closely misses you.
You hit the scorpion.
The scorpion is moderately wounded.
The scorpion stings you!
You barely miss the scorpion.
The scorpion is moderately wounded.
The scorpion closely misses you.
You closely miss the scorpion.
The scorpion is moderately wounded.
The scorpion stings you!
* * * LOW HITPOINT WARNING * * *
You closely miss the scorpion.
The scorpion is moderately wounded.
The scorpion stings you.
You die...
Your body crumbles into a pile of gold.

############
#_________.#
#_________.#
#_______...#######
##########'##.....
#.?..')))'.##.....
##########.##.....
#@sZ((......'.....
#+#####'#####.....
#.....# #.....
#.....# ####'#
###'### #.....
#.....# #.....
#..s..# #.....
####'## #...<.
#.g.s....##.....


You could see a scorpion (poisoned) and a jackal skeleton.

Vanquished Creatures
  A floating eye (D)
  An ufetubus (D)
  A bat zombie (D)
  A quokka (D)
  A ball python (D)
  A frilled lizard (D)
6 creatures vanquished.

Notes
Turn   | Place    | Note
-------+----------+-------------------------------------------
     0 | D        | styxcanada the Spriggan Brigand began the quest for the
                  | Orb.
     0 | D        | Reached XP level 1. HP: 10/10 MP: 2/2
    16 | D        | Reached skill level 6 in Stealth
    19 | D        | Found a bloodstained altar of Trog.
    19 | D        | Found a shimmering blue altar of Sif Muna.
    19 | D        | Found a viscous altar of Jiyva.
    19 | D        | Found a hazy altar of Hepliaklqana.
    19 | D        | Found an opulent altar of Gozag.
    20 | D        | Found a glowing golden altar of the Shining One.
    20 | D        | Found a glowing silver altar of Zin.
    20 | D        | Found a basalt altar of Yredelemnul.
    20 | D        | Found a shimmering altar of Xom.
    20 | D        | Found an ornate altar of the Wu Jian Council.
    20 | D        | Found a sacrificial altar of Ru.
    20 | D        | Found a stormy altar of Qazlal.
    20 | D        | Found an iron altar of Okawaru.
    20 | D        | Found a sparkling altar of Nemelex Xobeh.
    20 | D        | Found a burning altar of Makhleb.
    20 | D        | Found a blossoming altar of Fedhas.
    20 | D        | Found a white marble altar of Elyvilon.
    20 | D        | Found a shadowy altar of Dithmenos.
    20 | D        | Found a snail-covered altar of Cheibriados.
    21 | D        | Found a radiant altar of Vehumet.
    21 | D        | Found a corrupted altar of Lugonu.
    22 | D        | Found an ancient bone altar of Kikubaaqudgha.
    22 | D        | Found a hide-covered altar of Uskayaw.
    22 | D        | Found a broken altar of Ashenzari.
    24 | D        | Became a worshipper of Gozag Ym Sagoz the Greedy
   143 | D        | Reached skill level 7 in Stealth
   196 | D        | Noticed a floating eye
   200 | D        | Paralysed by a floating eye for 4 turns
   208 | D        | Killed a floating eye
   209 | D        | Reached skill level 12 in Stealth
   209 | D        | Reached XP level 2. HP: 16/16 MP: 3/3
   209 | D        | Reached XP level 3. HP: 20/20 MP: 4/4
   209 | D        | Reached XP level 4. HP: 24/24 MP: 5/5
   316 | D        | Noticed a scorpion
   345 | D        | Slain by a scorpion

Illustrated notes

Levels and vault maps discovered:
D:        pitsprint [storerooms_1, entrance_room_1, metal_vault_1, armoury_2,
          mini_pit_1, grid_room_1, main_hall_1, silver_pit, the_coven_3,
          the_vestibule_1, steel_vault_2, golden_pit, hallway_of_sentries,
          crystal_vault_2, iron_vault_3, final_vault]

Skill      XL: |  1 |
---------------+----+-----
Stealth        | 12 | 12.4
Fighting       | 3 |  3.1
Short Blades   | 3 |  3.4
Dodging        | 4 |  4.1
Throwing       | |  2.6

Action                   |  1- 3 |  4- 6 || total
-------------------------+-------+-------++-------
Melee: Dagger            |    20 |    11 ||    31
Throw: Dart              |       |     6 ||     6
 Stab: Sleeping          |     2 |       ||     2
Armor: Robe              |     5 |       ||     5
Dodge: Dodged            |    10 |    20 ||    30
